 Dungeon Crawl Stone Soup version 0.26.1-11-gd32895ea62 (webtiles) character file.

Game seed: 3594664636898406054

371 phalm the Conjurer (level 6, -2/44 HPs)
             Began as a Gnoll Conjurer on May 13, 2021.
             Killed by divine providence
             ... invoked by an orc priest
              (12 damage)
             ... on level 3 of the Dungeon.
             The game lasted 00:07:36 (3449 turns).

phalm the Conjurer (Gnoll Conjurer)                 Turns: 3449, Time: 00:07:36

Health: -2/44      AC:  3    Str:  9    XL:     6   Next: 70%
Magic:  1/14       EV: 14    Int: 23    God:
Gold:   42         SH:  0    Dex: 13    Spells: 3/15 levels left

rFire    . . .     SeeInvis .   m - +1 club (spect)
rCold    . . .     Faith    .   (no shield)
rNeg     . . .     Spirit   .   a - +0 robe
rPois    .         Reflect  .   n - +0 helmet
rElec    .         Harm     .   (no cloak)
rCorr    .         Rampage  .   (no gloves)
Will     .....     Rnd*Tele +   (no boots)
Stlth    ++++......             (no amulet)
HPRegen  0.14/turn              t - ring of teleportation (curse)
MPRegen  0.14/turn              Q - ring of stealth

@: no status effects
A: distributed training, fangs 1, strong nose
a: no special abilities


You were on level 3 of the Dungeon.
You visited 1 branch of the dungeon, and saw 3 of its levels.

You collected 42 gold pieces.


Innate Abilities, Weirdness & Mutations

Your experience applies equally to all skills.
You have very sharp teeth.
Your uncanny sense of smell can sniff out nearby items.


   Skills:
 + Level 2.1 Fighting
 + Level 2.1 Short Blades
 + Level 2.1 Long Blades
 + Level 2.1 Axes
 + Level 2.1 Maces & Flails
 + Level 2.1 Polearms
 + Level 2.1 Staves
 + Level 2.1 Slings
 + Level 2.1 Bows
 + Level 2.1 Crossbows
 + Level 2.1 Throwing
 + Level 2.1 Armour
 + Level 5.0 Dodging
 + Level 4.6 Stealth
 + Level 2.1 Shields
 + Level 2.1 Unarmed Combat
 + Level 5.4 Spellcasting
 + Level 7.3 Conjurations
 + Level 1.6 Hexes
 + Level 1.6 Summonings
 + Level 1.6 Necromancy
 + Level 1.6 Translocations
 + Level 1.6 Transmutations
 + Level 1.6 Fire Magic
 + Level 1.6 Ice Magic
 + Level 1.6 Air Magic
 + Level 1.6 Earth Magic
 + Level 1.6 Poison Magic
 + Level 2.3 Invocations
 + Level 2.1 Evocations


You had 3 spell levels left.
You knew the following spells:

 Your Spells              Type           Power        Failure   Level
a - Animate Skeleton      Necr           26%          4%          1
c - Call Imp              Summ           13%          7%          2
m - Magic Dart            Conj           100%         1%          1
s - Searing Ray           Conj           78%          1%          2
B - Blink                 Tloc           N/A          7%          2
X - Iskenderun's Mystic   Conj/Tloc      26%          14%         4

Your spell library contained the following spells:

 Spells                   Type           Power        Failure   Level
 Apportation              Tloc           26%          4%          1
 Corona                   Hex            14%          4%          1
 Summon Small Mammal      Summ           52%          4%          1
 Conjure Flame            Conj/Fire      26%          4%          3
 Dazzling Flash           Conj/Hex       52%          4%          3
 Mephitic Cloud           Conj/Pois/Air  22%          6%          3
 Slow                     Hex            13%          7%          2
 Fulminant Prism          Conj/Hex       13%          14%         4

Inventory:

Hand Weapons
 m - a +1 spectral club (weapon)
   (You took it off Robin on level 2 of the Dungeon)
Missiles
 d - 27 sling bullets
 g - 10 boomerangs
 o - 6 boomerangs of dispersal {=f!f}
Armour
 a - a +0 robe (worn)
 n - a +0 helmet (worn)
   (You took it off Robin on level 2 of the Dungeon)
Jewellery
 t - a cursed ring of teleportation (left hand)
   (You found it on level 1 of the Dungeon)
 Q - a ring of stealth (right hand)
   (You found it on level 2 of the Dungeon)
Wands
 p - a wand of paralysis (8)
   (You took it off an orc on level 3 of the Dungeon)
Scrolls
 b - a scroll of amnesia
 f - a scroll of remove curse {@r2}
 k - a scroll of teleportation {@r4}
 l - a scroll of blinking {!r}
 q - a scroll of immolation {unknown}
Potions
 c - a potion of heal wounds {unknown}
 e - a potion of cancellation {unknown}
 h - a potion of haste {unknown}
 i - a potion of degeneration {unknown}
 j - a potion of attraction {unknown}
 r - 2 potions of brilliance {unknown}
 s - a potion of curing {unknown}

Dungeon Overview and Level Annotations

Branches:
Dungeon (3/15)

Altars:
Xom

#.....[##..##
#......)...#
#..........##
#########...####
#########......#
#.......)Z..##..#
#.......>#....#..#
#........##.#.# .#
#......@.##.#...
.. #......oo##..
#.. #
#.....((.).... ...
#........###.## ..
#........#
#........#
#..†.....#
###....#..


You could see 2 orc priests, a friendly +1 spectral club (summoned) and a
friendly frilled lizard skeleton.


Message History

😎 MP[-1]
You lost 1 mp, and now have 4/14 mp.
The magic dart hits the orc priest but does no damage.
The orc priest invokes the aid of Beogh against you.
Beogh smites you! 😕 HP[-10] MP[-1]
You take 10 damage, and now have 34/44 hp.
MASSIVE DAMAGE!! (PAUSE)
You lost 1 mp, and now have 3/14 mp.
Casting: Magic Dart (safe; 1% risk of failure)
Confirm with . or Enter, or press ? or * to list all spells.
You attempt to give life to the dead...
Before your eyes, flesh is ripped from the corpse!
The dead are walking! 😕 MP[-1]
You lost 1 mp, and now have 2/14 mp.
The magic dart hits the orc priest but does no damage.
The orc priest hits your kobold skeleton with a +0 whip.
The orc priest calls upon Beogh to heal the orc priest.
The orc priest is healed somewhat. 😕 MP[-1]
You lost 1 mp, and now have 1/14 mp.
The magic dart hits the orc priest.
Your kobold skeleton hits the orc priest but does no damage.
The orc priest hits your kobold skeleton with a +0 whip.
Your kobold skeleton is destroyed!
The orc priest shouts! 😕 MP[-1]
You lost 1 mp, and now have 0/14 mp.
The orc priest calls down the wrath of Beogh upon you.
You barely resist.
The orc priest looks satisfied for a moment.
You see here a +0 club. 😕 MP[+1]
You hit the orc priest but do no damage.
You draw out your weapon's spirit!
The orc priest closely misses you. 😕 HP[+1]
You hit the orc priest but do no damage.
Your punch misses the orc priest.
The orc priest hits you but does no damage.
Your spectral weapon hits the orc priest but does no damage.
The orc priest hits your spectral weapon.
You hit the orc priest but do no damage.
You bite the orc priest, but do no damage.
Your spectral weapon misses the orc priest.
The orc priest misses you.
The orc priest calls upon Beogh to heal the orc priest.
The orc priest is healed somewhat.
You hit the orc priest. Your bite misses the orc priest.
Your spectral weapon hits the orc priest but does no damage.
The orc priest hits your spectral weapon with a +0 whip.
Your spectral weapon shares its damage with you!
The orc priest hits your spectral weapon.
The orc priest hits your spectral weapon with a +0 whip.
Your spectral weapon shares its damage with you! 😮 HP[-3]
You take 3 damage, and now have 32/44 hp.
You hit the orc priest but do no damage.
Your spectral weapon completely misses the orc priest.
The orc priest hits your spectral weapon.
Your spectral weapon shares its damage with you!
Your spectral weapon fades away.
The orc priest hits you with a +0 whip. 😮 HP[-6]
You take 6 damage, and now have 26/44 hp.
You barely miss the orc priest.
The orc priest hits you but does no damage.
The orc priest calls upon Beogh to heal the orc priest.
The orc priest is healed somewhat. 😮 MP[+1]
Casting: Magic Dart (safe; 1% risk of failure)
Confirm with . or Enter, or press ? or * to list all spells.
You attempt to give life to the dead...
Before your eyes, flesh is ripped from the corpse!
The dead are walking!
The orc priest completely misses you.
The orc priest mumbles some strange prayers to Beogh against you.
Pain shoots through your body!
* * * LOW HITPOINT WARNING * * *
You see here a +0 club. 😨 HP[-10] MP[-1]
You take 10 damage, and now have 16/44 hp.
MASSIVE DAMAGE!! (PAUSE)
You lost 1 mp, and now have 1/14 mp.
You barely miss the orc priest. The orc priest hits you with a +0 whip.
* * * LOW HITPOINT WARNING * * *
The orc priest hits you but does no damage. 😨 HP[-3]
You take 3 damage, and now have 13/44 hp.
You hit the orc priest but do no damage.
You draw out your weapon's spirit!
You bite the orc priest, but do no damage.
The orc priest closely misses you. The orc priest hits you.
* * * LOW HITPOINT WARNING * * *
😱 HP[-3]
You take 3 damage, and now have 10/44 hp.
You hit the orc priest.
The orc priest hits you but does no damage.
The orc priest mumbles some strange prayers to Beogh against you.
Beogh smites you!
You die...

Skill      XL: |  1  2  3  4  5  6 |
---------------+-------------------+-----
Spellcasting   | 5 |  5.4
Fighting       | 1 2 |  2.1
Short Blades   | 1 2 |  2.1
Long Blades    | 1 2 |  2.1
Axes           | 1 2 |  2.1
Maces & Flails | 1 2 |  2.1
Polearms       | 1 2 |  2.1
Staves         | 1 2 |  2.1
Slings         | 1 2 |  2.1
Bows           | 1 2 |  2.1
Crossbows      | 1 2 |  2.1
Throwing       | 1 2 |  2.1
Armour         | 1 2 |  2.1
Shields        | 1 2 |  2.1
Unarmed Combat | 1 2 |  2.1
Invocations    | 1 2 |  2.3
Evocations     | 1 2 |  2.1
Hexes          | 1 |  1.6
Summonings     | 1 |  1.6
Necromancy     | 1 |  1.6
Translocations | 1 |  1.6
Transmutations | 1 |  1.6
Fire Magic     | 1 |  1.6
Ice Magic      | 1 |  1.6
Air Magic      | 1 |  1.6
Earth Magic    | 1 |  1.6
Poison Magic   | 1 |  1.6
Dodging        | 5 |  5.0
Stealth        | |  4.6
Conjurations   | |  7.3

Action                   |  1- 3 |  4- 6 || total
-------------------------+-------+-------++-------
Melee: Short sword       |       |    19 ||    19
       Bite              |       |     5 ||     5
       Club              |       |    15 ||    15
 Cast: Magic Dart        |    57 |    97 ||   154
       Searing Ray       |     1 |     9 ||    10
       Animate Skeleton  |       |     5 ||     5
  Use: Scroll            |       |     4 ||     4
 Stab: Sleeping          |       |     1 ||     1
Armor: Robe              |       |    13 ||    13
Dodge: Dodged            |     3 |    54 ||    57

Levels and vault maps discovered:
D:1:      onia_arrival_mini_spirals, layout_basic, chequers_avenue
D:2:      layout_basic, tgw_xom, uniq_robin, uniq_terence
D:3:      layout_rooms, minmay_fractal_squares_gapless_5

Notes
Turn   | Place    | Note
-------+----------+-------------------------------------------
     0 | D:1      | phalm the Gnoll Conjurer began the quest for the Orb.
     0 | D:1      | Reached XP level 1. HP: 13/13 MP: 6/6
     0 | D:1      | magus.rc [v1.9.10]
   308 | D:1      | Reached XP level 2. HP: 19/19 MP: 5/7
   311 | D:1      | Learned a level 2 spell: Searing Ray
  1089 | D:2      | Reached XP level 3. HP: 25/25 MP: 6/9
  1143 | D:2      | Reached skill level 5 in Spellcasting
  1420 | D:2      | Reached skill level 1 in Fighting
  1420 | D:2      | Reached skill level 1 in Short Blades
  1420 | D:2      | Reached skill level 1 in Long Blades
  1420 | D:2      | Reached skill level 1 in Axes
  1420 | D:2      | Reached skill level 1 in Maces & Flails
  1420 | D:2      | Reached skill level 1 in Polearms
  1420 | D:2      | Reached skill level 1 in Staves
  1420 | D:2      | Reached skill level 1 in Slings
  1420 | D:2      | Reached skill level 1 in Bows
  1420 | D:2      | Reached skill level 1 in Crossbows
  1420 | D:2      | Reached skill level 1 in Throwing
  1420 | D:2      | Reached skill level 1 in Armour
  1420 | D:2      | Reached skill level 1 in Shields
  1420 | D:2      | Reached skill level 1 in Unarmed Combat
  1420 | D:2      | Reached skill level 1 in Invocations
  1420 | D:2      | Reached skill level 1 in Evocations
  1420 | D:2      | Reached XP level 4. HP: 27/32 MP: 4/11
  1612 | D:2      | Noticed Terence
  1618 | D:2      | Killed Terence
  1619 | D:2      | Reached skill level 1 in Hexes
  1619 | D:2      | Reached skill level 1 in Summonings
  1619 | D:2      | Reached skill level 1 in Necromancy
  1619 | D:2      | Reached skill level 1 in Translocations
  1619 | D:2      | Reached skill level 1 in Transmutations
  1619 | D:2      | Reached skill level 1 in Fire Magic
  1619 | D:2      | Reached skill level 1 in Ice Magic
  1619 | D:2      | Reached skill level 1 in Air Magic
  1619 | D:2      | Reached skill level 1 in Earth Magic
  1619 | D:2      | Reached skill level 1 in Poison Magic
  1746 | D:2      | Noticed Robin
  1787 | D:2      | Reached XP level 5. HP: 12/37 MP: 0/12
  1817 | D:2      | Killed Robin
  2269 | D:2      | Found a shimmering altar of Xom.
  2325 | D:2      | You pick up a book of Cantrips and begin reading...
  2325 | D:2      | You add the spells Corona, Animate Skeleton, Summon Small
                  | Mammal and Apportation to your library.
  2418 | D:2      | Reached skill level 2 in Invocations
  2418 | D:2      | Reached XP level 6. HP: 19/44 MP: 1/13
  2983 | D:3      | Noticed a phantom
  2991 | D:3      | Killed a phantom
  2992 | D:3      | Reached skill level 2 in Fighting
  2992 | D:3      | Reached skill level 2 in Short Blades
  2992 | D:3      | Reached skill level 2 in Long Blades
  2992 | D:3      | Reached skill level 2 in Axes
  2992 | D:3      | Reached skill level 2 in Maces & Flails
  2992 | D:3      | Reached skill level 2 in Polearms
  2992 | D:3      | Reached skill level 2 in Staves
  2992 | D:3      | Reached skill level 2 in Slings
  2992 | D:3      | Reached skill level 2 in Bows
  2992 | D:3      | Reached skill level 2 in Crossbows
  2992 | D:3      | Reached skill level 2 in Throwing
  2992 | D:3      | Reached skill level 2 in Armour
  2992 | D:3      | Reached skill level 5 in Dodging
  2992 | D:3      | Reached skill level 2 in Shields
  2992 | D:3      | Reached skill level 2 in Unarmed Combat
  2992 | D:3      | Reached skill level 2 in Evocations
  3133 | D:3      | You pick up a book of Minor Magic and begin reading...
  3133 | D:3      | You add the spells Blink, Call Imp, Slow, Conjure Flame and
                  | Mephitic Cloud to your library.
  3137 | D:3      | Learned a level 2 spell: Blink
  3139 | D:3      | Learned a level 1 spell: Animate Skeleton
  3386 | D:3      | Learned a level 2 spell: Call Imp
  3391 | D:3      | Learned a level 4 spell: Iskenderun's Mystic Blast
  3448 | D:3      | HP: 10/44 [orc priest (3)]
  3449 | D:3      | Killed from afar by an orc priest

Vanquished Creatures
  A phantom (D:3)
  2 orc priests (D:2)
  Terence (D:2)
  2 orc wizards (D:2)
  Robin (D:2)
  3 adders
  A worm (D:2)
  3 dart slugs (D:2)
  3 leopard geckos (D:1)
  12 orcs
  6 giant cockroaches
  17 goblins
  9 hobgoblins
  7 kobolds
  2 quokkas
  11 bats
  4 frilled lizards
  A leopard gecko skeleton (D:3)
  5 rats
91 creatures vanquished.

Table legend:
 A = Non-vault XP
 B = Vault XP
 C = Vault XP percentage of total XP
 D = Non-vault monster count
 E = Vault monster count
 F = Vault count percentage of total count
                 A         B        C        D         E       F
            +---------+---------+-------+---------+---------+-------
      Total |     444 |      86 |  16.2 |      72 |      19 |  20.9
            +---------+---------+-------+---------+---------+-------
        D:1 |      33 |       0 |   0.0 |      19 |       0 |   0.0
        D:2 |     227 |      86 |  27.5 |      31 |      19 |  38.0
        D:3 |     184 |       0 |   0.0 |      22 |       0 |   0.0
            +---------+---------+-------+---------+---------+-------

Illustrated notes

Table legend:
 A = Kills in this place as a percentage of kills in entire the game.
 B = Kills by you in this place as a percentage of kills by you in the entire game.
 C = Kills by friends in this place as a percentage of kills by friends in the entire game.
 D = Other kills in this place as a percentage of other kills in the entire game.
 E = Experience gained in this place as a percentage of experience gained in the entire game.
 F = Experience gained in this place divided by the number of levels of this place that you have seen.
                   A       B       C       D       E      F
               +-------+-------+-------+-------+-------+----------------------
         Total | 100.0 | 100.0 |   N/A |   N/A | 100.0 | 176.7
       Dungeon | 100.0 | 100.0 |   N/A |   N/A | 100.0 | 176.7
               +-------+-------+-------+-------+-------+----------------------

Table legend: (Time is in decaauts)
 A = Elapsed time spent in this place.
 B = Non-inter-level travel time spent in this place.
 C = Inter-level travel time spent in this place.
 D = Time resting spent in this place.
 E = Time spent auto-exploring this place.
 F = Levels seen in this place.
 G = Mean time per level.
                   A        B        C        D        E       F      G
               +--------+--------+--------+--------+--------+-----+--------+
         Total |   3453 |   3382 |     71 |      7 |   2969 |   3 | 1151.0 |
       Dungeon |   3453 |   3382 |     71 |      7 |   2969 |   3 | 1151.0 |
               +--------+--------+--------+--------+--------+-----+--------+

Top non-repeatable levels by time:
     D:2: 1891 daAuts
     D:1: 1060 daAuts
     D:3: 501 daAuts
